 Dungeon Crawl Stone Soup version 0.31.0-1-g2c135a008e (webtiles) character file.

Game seed: 9462456014163374857

16548 Colgate the Geomancer (level 12, -54/95 HPs)
             Began as a Formicid Conjurer on Jan 20, 2024.
             Was an Elder of Fedhas.
             Killed from afar by Jorgrun (63 damage)
             ... with an iron shot
             ... on level 12 of the Dungeon.
             The game lasted 01:43:01 (20449 turns).

Colgate the Geomancer (Formicid Conjurer)          Turns: 20449, Time: 01:43:01

Health: -54/95     AC: 15    Str: 11    XL:     12   Next: 71%
Magic:  5/22       EV: 10    Int: 36    God:    Fedhas [****..]
Gold:   451        SH:  5    Dex: 12    Spells: 4/25 levels left

rFire   . . .        b - staff of alchemy
rCold   . . .        (no shield)
rNeg    . . .        E - +0 steam dragon scales
rPois   +            (helmet unavailable)
rElec   .            A - +2 cloak
rCorr   .            p - +2 pair of gloves
SInv    +            f - +2 pair of boots
Will    +....        u - amulet of reflection
Stlth   ++           y - +6 ring of intelligence
HPRegen 0.35/turn    h - +6 ring of intelligence
MPRegen 0.18/turn

%: reflection
@: grasped by roots, constricted
A: permanent stasis, dig shafts and tunnels, antennae 3, four strong arms
a: Dig, Shaft Self, Renounce Religion, Wall of Briars, Grow Ballistomycete,
Overgrow


You were on level 12 of the Dungeon.
You worshipped Fedhas.
Fedhas was greatly pleased with you.
You visited 2 branches of the dungeon, and saw 13 of its levels.

You collected 601 gold pieces.
You spent 150 gold pieces at shops.

Inventory:

Hand Weapons
 a - the +5 mace of Mana {drain, rElec rC- Will+++}
   (You found it on level 3 of the Dungeon)

   rC-:       It makes you vulnerable to cold.
   rElec:     It insulates you from electricity.
   Will+++:   It greatly increases your willpower.
 z - a +3 dagger of distortion
Missiles
 e - 3 curare-tipped darts
 j - a throwing net {!f}
 t - 8 boomerangs
Armour
 c - a +0 kite shield
 f - a +2 pair of boots (worn)
 p - a +2 pair of gloves (worn)
 A - a +2 cloak (worn)
 E - +0 steam dragon scales (worn)
Magical Staves
 b - a staff of alchemy (weapon)
Jewellery
 h - a +6 ring of intelligence (right hand)
 m - a ring of flight
 n - a ring of poison resistance
 u - an amulet of reflection (around neck)
 y - a +6 ring of intelligence (left hand)
Wands
 C - a wand of paralysis (9)
 G - a wand of acid (2) {@v1}
 H - a wand of polymorph (4)
Scrolls
 g - a scroll of fear
 l - a scroll of fog {unknown}
 q - a scroll of poison
 r - 3 scrolls of teleportation {@r3}
 v - 2 scrolls of enchant weapon
 x - 2 scrolls of amnesia
 D - a scroll of noise
 I - a scroll of silence {unknown}
 J - a scroll of butterflies {unknown}
 K - a scroll of identify {@r1}
 L - a scroll of revelation {unknown}
Potions
 d - a potion of cancellation
 i - 2 potions of might {@q3}
 k - a potion of magic
 o - 2 potions of ambrosia
 s - a potion of curing {@q1}
 w - a potion of mutation
 B - a potion of haste {@q4}
 F - a potion of attraction


   Skills:
 - Level 9.0 Fighting
 - Level 3.0 Armour
 - Level 3.6 Dodging
 - Level 2.4 Stealth
 - Level 7.0 Spellcasting
 - Level 8.1 Conjurations
 - Level 4.0 Translocations
 + Level 13.8 Earth Magic
 - Level 9.0 Alchemy


You had 4 spell levels left.
You knew the following spells:

 Your Spells              Type           Power      Damage    Failure   Level
a - Lee's Rapid Deconstr  Erth           42%        3d20*     1%          5
b - Searing Ray           Conj           100%       2d8       1%          2
c - Fulminant Prism       Conj/Alch      42%        3d19      1%          4
d - Iskenderun's Mystic   Conj/Tloc      54%        2d12      2%          4
e - Bombard               Conj/Erth      37%        9d7       5%          6

Your spell library contained the following spells:

 Spells                   Type           Power      Damage    Failure   Level
 Magic Dart               Conj           100%       1d8       1%          1
 Shock                    Conj/Air       100%       1d9       1%          1
 Cigotuvi's Dreadful Rot  Necr/Alch/Air  100%       N/A       1%          2
 Mercury Vapours          Alch/Air       100%       N/A       1%          2
 Static Discharge         Conj/Air       82%        3-7/arc   1%          2
 Hailstorm                Conj/Ice       41%        3d9       1%          3
 Leda's Liquefaction      Alch/Erth      48%        N/A       1%          4
 Freeze                   Ice            48%        1d6       3%          1
 Call Imp                 Summ           24%        N/A       4%          2
 Sublimation of Blood     Necr           12%        N/A       4%          2
 Ignite Poison            Fire/Alch      61%        N/A       4%          4
 Frozen Ramparts          Ice            24%        1d4       10%         3
 Airstrike                Air            6%         2d(1-17)  30%         4
 Animate Dead             Necr           12%        N/A       30%         4
 Borgnjor's Vile Clutch   Necr/Erth      29%        N/A       5%          5
 Freezing Cloud           Conj/Ice/Air   16%        6-21      28%         5
 Silence                  Hex/Air        6%         N/A       65%         5
 Death Channel            Necr           6%         N/A       99%         6
 Swiftness                Air            Unusable   N/A       N/A         3
 Vhi's Electric Charge    Tloc/Air       Unusable   N/A       N/A         4

Dungeon Overview and Level Annotations

Branches:
Dungeon (12/15)            Temple (1/1) D:5            Lair (0/5) D:11
    Orc (0/2) D:9

Altars:
Ashenzari
Cheibriados
Dithmenos
Elyvilon
Fedhas
Gozag
Hepliaklqana
Kikubaaqudgha
Makhleb
Nemelex Xobeh
Okawaru
Qazlal
Ru
Sif Muna
Trog
Uskayaw
Vehumet
Wu Jian
Xom
Yredelemnul
Zin
The Shining One

Shops:
D:9 *   D:11 [(

Annotations:
D:5 3 runed translucent doors, GriffinBr's ghost, novice OpSh
D:6 2 transporters, McKennaii's ghost, novice DgCj
D:12 Jorgrun


Innate Abilities, Weirdness & Mutations

You cannot be hasted, slowed, berserked, paralysed or teleported.
You can dig through walls and to a lower floor.
You have a pair of large antennae on your head. (SInv)
Your four strong arms can wield two-handed weapons with a shield.


Message History

The two-headed ogre hits your fulminant prism with a +0 giant club!
Your fulminant prism detonates feebly.
Casting: Fulminant Prism (mildly dangerous; 1% risk of failure)
Aiming: Fulminant Prism (mildly dangerous; 1% risk of failure)
Press: ? - help, Dir - move target You feel a surge of power!
You conjure a prism of explosive energy!
A fulminant prism comes into view.
Jorgrun Earthshaker comes into view.
He is wielding a +0 heavy quarterstaff.
The barbed spikes dig painfully into your body as you move.
Your fulminant prism crackles loudly.
The barbed spikes dig painfully into your body as you move.
Your fulminant prism explodes!
The blast of energy engulfs the two-headed ogre!!
You kill the two-headed ogre!
Fedhas appreciates your contribution to the ecosystem.
You hear a shout!
The barbed spikes dig painfully into your body as you move.
The barbed spikes dig painfully into your body as you move.
The barbed spikes dig painfully into your body as you move.
* * * LOW HITPOINT WARNING * * *
The barbed spikes dig painfully into your body as you move.
* * * LOW HITPOINT WARNING * * *
Jorgrun casts a spell at you.
Roots burst forth from the earth!
The grasping roots grab you! The grasping roots constrict you!
* * * LOW HITPOINT WARNING * * *
You feel better.
You carefully extract the barbed spikes from your body.
The grasping roots constrict you!
* * * LOW HITPOINT WARNING * * *
You feel better. The grasping roots constrict you!
* * * LOW HITPOINT WARNING * * *
You feel better.
Jorgrun points at you and mumbles some strange words.
The iron shot hits you!!!
Ouch! That really hurt!
You die...
Fedhas appreciates your contribution to the ecosystem.

###..................#..#.
#.........................
#.#.....#.................
##........................
#.#......)...g...........
####..##.................
####..............#.
##.##....##....#
##......@.<...#
###..#.#..##.#
##..##......#
#######...... ##..... ...
. .. ..


You could see Jorgrun.

Vanquished Creatures
  Fannar (D:10)
  An ogre mage (D:11)
  3 two-headed ogres
  A deep elf pyromancer (D:11)
  2 ugly things (D:11)
  A meliai (shapeshifter) (D:11)
  2 gargoyles (D:11)
  3 unseen horrors
  A komodo dragon (D:10)
  3 unseen horror zombies (D:9)
  4 trolls
  A hornet (D:10)
  3 shadows (D:11)
  A centaur simulacrum (D:11)
  2 water elementals (D:11)
  4 wyverns
  A steam dragon (D:6)
  A wraith (D:10)
  11 yaks
  3 acid dragons
  3 water moccasins
  3 ice beasts
  An orc warrior (D:9)
  4 black bears
  2 ogres
  A phantom (D:7)
  2 centaurs (D:11)
  2 bullfrogs
  2 gnoll sergeants (D:7)
  A scorpion (D:6)
  13 wights
  5 killer bees
  11 howler monkeys
  3 electric eels (D:11)
  2 bombardier beetles
  A centaur zombie (D:9)
  9 hounds
  2 jellies
  2 gnoll boudas (D:7)
  7 orc priests
  6 iguanas
  5 orc wizards
  4 adders
  21 gnolls
  2 ufetubi (D:6)
  3 ribbon worms (D:4)
  2 dart slugs
  29 orcs
  4 bats
  4 endoplasms
  7 giant cockroaches
  6 hobgoblins
  3 jackals (D:1)
  7 quokkas
  6 ball pythons
  5 frilled lizards
  4 goblins
  5 kobolds
  8 rats
256 creatures vanquished.

Vanquished Creatures (others)
  A manticore (D:12)
  219 fulminant prisms
220 creatures vanquished.

Grand Total: 476 creatures vanquished

Notes
Turn   | Place    | Note
-------+----------+-------------------------------------------
     0 | D:1      | Colgate the Formicid Conjurer began the quest for the Orb.
     0 | D:1      | Reached XP level 1. HP: 13/13 MP: 3/3
   375 | D:1      | Reached XP level 2. HP: 19/19 MP: 1/5
   858 | D:1      | Learned a level 2 spell: Searing Ray
  1172 | D:1      | Reached XP level 3. HP: 24/24 MP: 3/6
  2245 | D:2      | Found a glowing golden altar of the Shining One.
  2527 | D:2      | Reached XP level 4. HP: 30/30 MP: 4/7
  2774 | D:2      | Reached skill level 5 in Conjurations
  2776 | D:2      | Reached skill level 1 in Alchemy
  2776 | D:2      | Reached XP level 5. HP: 35/35 MP: 0/8
  2781 | D:2      | Learned a level 4 spell: Fulminant Prism
  3090 | D:3      | Identified the +5 mace of Mana {drain, rElec rC- Will+++}
  4026 | D:3      | Reached XP level 6. HP: 41/41 MP: 1/10
  4125 | D:3      | Learned a level 4 spell: Iskenderun's Mystic Blast
  4310 | D:3      | Reached skill level 1 in Translocations
  5309 | D:4      | Reached XP level 7. HP: 46/46 MP: 2/12
  5464 | D:4      | Found a blossoming altar of Fedhas.
  5480 | D:4      | Became a worshipper of Fedhas Madash
  5646 | D:4      | Reached skill level 5 in Alchemy
  6196 | D:5      | Entered Level 5 of the Dungeon
  6358 | D:5      | Reached XP level 8. HP: 52/52 MP: 9/14
  6826 | D:5      | Found a runed translucent gate.
  6827 | D:5      | Found a runed translucent gate.
  6827 | D:5      | Found a runed translucent gate.
  6832 | D:5      | Noticed GriffinBr's ghost (novice OpSh)
  6921 | D:5      | Found a staircase to the Ecumenical Temple.
  7058 | Temple   | Entered the Ecumenical Temple
  7841 | D:6      | Reached skill level 5 in Spellcasting
  7939 | D:6      | Reached * piety under Fedhas
  8314 | D:6      | Found a transporter.
  8326 | D:6      | Noticed McKennaii's ghost (novice DgCj)
  8390 | D:6      | Found a transporter.
  8457 | D:6      | Found a shimmering altar of Xom.
  8524 | D:6      | Reached XP level 9. HP: 57/57 MP: 11/16
  8526 | D:6      | Found a shadowy altar of Dithmenos.
  9828 | D:7      | Reached ** piety under Fedhas
 10581 | D:7      | Reached XP level 10. HP: 63/63 MP: 14/19
 10675 | D:7      | Found an iron altar of Okawaru.
 11674 | D:8      | Found an ornate altar of the Wu Jian Council.
 12163 | D:9      | Reached *** piety under Fedhas
 12195 | D:9      | Reached skill level 5 in Fighting
 12741 | D:9      | Found Nashrib's Assorted Antiques.
 12748 | D:9      | Bought a scroll labelled QIANNER IFEDU for 25 gold pieces
 12748 | D:9      | Bought a scroll labelled SUTILE OMENG for 25 gold pieces
 12796 | D:9      | Noticed a two-headed ogre
 12808 | D:9      | Killed a two-headed ogre
 13007 | D:9      | Found a staircase to the Orcish Mines.
 13091 | D:9      | Noticed a two-headed ogre
 13114 | D:9      | Killed a two-headed ogre
 13115 | D:9      | Reached XP level 11. HP: 68/87 MP: 6/21
 13225 | D:9      | Found an opulent altar of Gozag.
 13226 | D:9      | Found a glowing silver altar of Zin.
 13315 | D:9      | Reached skill level 1 in Armour
 13568 | D:9      | Found a sparkling altar of Nemelex Xobeh.
 13581 | D:10     | Entered Level 10 of the Dungeon
 13681 | D:10     | Reached skill level 3 in Earth Magic
 13872 | D:10     | Reached skill level 4 in Earth Magic
 13878 | D:10     | Learned a level 5 spell: Lee's Rapid Deconstruction
 13934 | D:10     | Noticed Fannar
 13952 | D:10     | Killed Fannar
 13953 | D:10     | Reached skill level 5 in Earth Magic
 14131 | D:9      | Bought a brass wand for 100 gold pieces
 14237 | D:10     | Reached skill level 6 in Earth Magic
 14396 | D:10     | Reached **** piety under Fedhas
 14397 | D:10     | Reached skill level 7 in Earth Magic
 15184 | D:11     | Reached skill level 8 in Earth Magic
 15192 | D:11     | Noticed a green ugly thing
 15450 | D:11     | Killed a green ugly thing
 15508 | D:10     | Reached skill level 9 in Earth Magic
 15515 | D:10     | Learned a level 6 spell: Bombard
 15883 | D:11     | Reached XP level 12. HP: 86/95 MP: 7/22
 15998 | D:11     | Reached skill level 10 in Earth Magic
 16182 | D:11     | Found a staircase to the Lair.
 16290 | D:11     | Reached skill level 11 in Earth Magic
 16358 | D:11     | Got Loob's Notes on Sepulchral Haze
 16433 | D:11     | Found Fihippy's Weapon Emporium.
 18860 | D:11     | Reached skill level 12 in Earth Magic
 18941 | D:11     | Found Haqyqocsa's Antique Armour Shop.
 19417 | D:11     | Noticed an ogre mage
 19520 | D:11     | Killed an ogre mage
 19521 | D:11     | Reached skill level 13 in Earth Magic
 19850 | D:11     | Found Haqyqocsa's Antique Armour Shop.
 20088 | D:11     | Found Fihippy's Weapon Emporium.
 20137 | D:11     | Found a staircase to the Lair.
 20343 | D:12     | Got the Catalogue of Hazy Bringing Forth
 20428 | D:12     | Noticed a two-headed ogre
 20440 | D:12     | Noticed Jorgrun
 20442 | D:12     | Killed a two-headed ogre
 20448 | D:12     | HP: 1/95 [constriction (15)]
 20449 | D:12     | Killed from afar by Jorgrun

Illustrated notes

Levels and vault maps discovered:
D:1:      elethiomel_arrival_shortcut, layout_basic
D:2:      minmay_chambers_of_ones, layout_basic, basic_altar
D:3:      layout_basic
D:4:      layout_basic, fedhas_altar_2
D:5:      layout_basic, minmay_temple_entry_mini_moons,
          gammafunk_ghost_necromancy
D:6:      layout_basic, mainiacjoe_overflow_divided_tiny,
          gammafunk_ghost_stat_death
D:7:      wander_river, layout_basic, nicolae_overflow_crystal_walls,
          minivault_27
D:8:      layout_basic, nzn_wu_jian_contemplation
D:9:      layout_loops_ring, grunt_temple_overflow_gold_and_silver,
          nemelex_diamond_rough_becter, serial_shops, shop, serial_undead,
          serial_undead_a, serial_undead_c, serial_undead_f, serial_undead_f,
          kennysheep_generic_room_7
D:10:     layout_basic, uniq_fannar
D:11:     minmay_chambers_of_sevens, layout_loops_ring, erik_lair_island,
          gauntlet_entry_generic, serial_shops, shop, nicolae_take_the_stairs
D:12:     layout_cave_pools, ebering_ghost_reflecting_pool, minmay_between,
          uniq_jorgrun
Temple:   nicolae_temple_great_sept

Skill      XL: |  1  2  3  4  5  6  7  8  9 10 11 12 |
---------------+-------------------------------------+-----
Conjurations   | 4 5 7 8 |  8.1
Alchemy        | 1 3 4 5 7 9 |  9.0
Spellcasting   | 3 4 5 6 7 |  7.0
Translocations | 2 3 4 |  4.0
Fighting       | 8 9 |  9.0
Dodging        | 3 |  3.6
Armour         | 3 |  3.0
Earth Magic    | 9 13 | 13.8
Stealth        | |  2.4

Action                     |  1- 3 |  4- 6 |  7- 9 | 10-12 || total
---------------------------+-------+-------+-------+-------++-------
  Melee: Dagger            |     1 |       |       |       ||     1
         Staff             |       |     3 |       |    15 ||    18
   Cast: Magic Dart        |    31 |    10 |     2 |       ||    43
         Searing Ray       |    15 |     9 |    11 |     6 ||    41
         Fulminant Prism   |       |    31 |    76 |   113 ||   220
         Iskenderun's Myst |       |       |     6 |     6 ||    12
         Lee's Rapid Decon |       |       |       |    74 ||    74
         Bombard           |       |       |       |     7 ||     7
    Use: Scroll            |       |     6 |     5 |     8 ||    19
         Potion            |       |       |       |     5 ||     5
 Armour: Robe              |    10 |    10 |     6 |       ||    26
         Steam dragon scal |       |       |     3 |    71 ||    74
  Dodge: Dodged            |     9 |    10 |     6 |    50 ||    75
  Block: Other             |       |       |       |    20 ||    20
         Reflection        |       |       |       |     2 ||     2
